 Dungeon Crawl Stone Soup version 0.30-a0-1074-g5db6f66fbb (webtiles) character file.

Game seed: 1620647442033091191

21 jimonade the Grasshopper (level 2, -1/26 HPs)
             Began as a Naga Warper on Apr 13, 2023.
             Slain by a sleepcap (3 damage)
             ... on level 2 of the Dungeon.
             The game lasted 00:01:50 (822 turns).

jimonade the Grasshopper (Naga Warper)               Turns: 822, Time: 00:01:51

Health: -1/26      AC:  2    Str: 13    XL:     2   Next: 83%
Magic:  5/5        EV:  1    Int: 13    God:
Gold:   63         SH:  0    Dex: 10    Spells: 5/5 levels left

rFire   . . .      SeeInvis +    a - +0 short sword
rCold   . . .      Faith    .    (no shield)
rNeg    . . .      Spirit   .    l - +0 leather armour
rPois   +          Reflect  .    (no helmet)
rElec   .          Rampage  .    (no cloak)
rCorr   .                        (no gloves)
Will    .....                    (no barding)
Stlth   +                        (no amulet)
HPRegen 0.24/turn                (no ring)
MPRegen 0.09/turn                (no ring)

@: sleeping, very slow
A: AC +0, large, see invisible, deformed body, poison resistance, slowness 2,
spit poison 1, naga tail 1
a: Spit Poison


You were on level 2 of the Dungeon.
You visited 1 branch of the dungeon, and saw 2 of its levels.

You collected 63 gold pieces.

Inventory:

Hand Weapons
 a - a +0 short sword (weapon)
 b - a +3 sling of freezing
 j - a +0 short sword
 k - a +0 sling
Missiles
 d - 7 boomerangs of dispersal
 f - 5 poisoned darts
Armour
 l - a +0 leather armour (worn)
Jewellery
 h - a ring of willpower
Scrolls
 c - 2 scrolls of blinking
Potions
 e - a potion of mutation {unknown}
 g - a potion of might {unknown}
 i - 2 potions of curing {unknown}


   Skills:
 + Level 2.0 Fighting
 + Level 2.3 Short Blades
 + Level 0.8 Throwing
 + Level 1.0 Armour
 + Level 1.6 Dodging
 + Level 2.1 Spellcasting
 * Level 3.4 Translocations


You had 5 spell levels left.
You didn't know any spells.
Your spell library contained the following spells:

 Spells                   Type           Power      Damage    Failure   Level
 Blink                    Tloc           20%        N/A       12%         2
 Lesser Beckoning         Tloc           20%        N/A       12%         2
 Teleport Other           Tloc           10%        N/A       22%         3
 Vhi's Electric Charge    Tloc/Air       10%        N/A       43%         3
 Manifold Assault         Tloc           10%        N/A       58%         4


Dungeon Overview and Level Annotations

Branches:
Dungeon (2/15)

Altars:


Innate Abilities, Weirdness & Mutations

Your serpentine skin is tough. (AC +0)
You have supernaturally acute eyesight. (SInv)
Armour fits poorly on your strangely shaped body.
Your system is resistant to poisons. (rPois)
You cover ground very slowly.
You can spit poison.
You have a snake-like lower body.


Message History

Your +3 sling of freezing is covered in frost.
b - a +3 sling of freezing (weapon)
You shoot a sling bullet. The sling bullet hits the sleepcap.
The sling bullet freezes the sleepcap.
The sleepcap is moderately damaged.
The sleepcap barely misses you.
Your +3 sling of freezing stops glowing.
a - a +0 short sword (weapon)
You hit the sleepcap.
The sleepcap is moderately damaged.
The sleepcap releases spores at you.
You hit the sleepcap.
The sleepcap is moderately damaged.
The sleepcap releases spores at you.
You are engulfed in a cloud of soporific spores!
You fall asleep.
The sleepcap releases spores at you!
You wake up.
You are engulfed in a cloud of soporific spores!
You are unaffected.
You hit the sleepcap.
The sleepcap is heavily damaged.
The sleepcap releases spores at you but does no damage.
You hit the sleepcap.
The sleepcap is heavily damaged.
The sleepcap releases spores at you!
* * * LOW HITPOINT WARNING * * *
You hit the sleepcap.
The sleepcap is severely damaged.
The sleepcap releases spores at you.
* * * LOW HITPOINT WARNING * * *
You are engulfed in a cloud of soporific spores!
You are unaffected.
You hit the sleepcap.
The sleepcap is severely damaged.
The sleepcap releases spores at you.
* * * LOW HITPOINT WARNING * * *
You are engulfed in a cloud of soporific spores!
You fall asleep.
The sleepcap releases spores at you.
You die...

#####....... #..........
#.........###
#........... #.........#
#.# #.........# #.#
#.........# #.#
#....f@...#####.#
########.####....#
#........# #....#
#.###########....# #.#
#>.........######
##.#####.####..........#
#........####.########.#
#......................##
#.###########....#####...


You could see a sleepcap.

Vanquished Creatures
  2 worms (D:2)
  2 bats
  2 endoplasms
  A giant cockroach (D:2)
  A goblin (D:1)
  A hobgoblin (D:1)
  A ball python (D:1)
  A kobold (D:2)
  4 rats (D:1)
15 creatures vanquished.

Notes
Turn   | Place    | Note
-------+----------+-------------------------------------------
     0 | D:1      | jimonade the Naga Warper began the quest for the Orb.
     0 | D:1      | Reached XP level 1. HP: 19/19 MP: 3/3
   235 | D:1      | Reached XP level 2. HP: 26/26 MP: 5/5
   711 | D:2      | Reached skill level 1 in Armour
   822 | D:2      | Slain by a sleepcap

Illustrated notes

Levels and vault maps discovered:
D:1:      amcnicky_arrival_underground_garden, layout_basic,
          minmay_misc_feat_rugged
D:2:      layout_basic

Skill      XL: |  1  2 |
---------------+-------+-----
Armour         | 1 |  1.0
Fighting       | |  2.0
Short Blades   | |  2.3
Throwing       | |  0.8
Dodging        | |  1.6
Spellcasting   | |  2.1
Translocations | |  3.4

Action                     || total
---------------------------++-------
  Melee: Short sword       ||    37
   Fire: Sling             ||     4
Ability: Spit Poison       ||     8
 Armour: Leather armour    ||     9
  Dodge: Dodged            ||     9

Table legend: (Time is in decaauts)
 A = Elapsed time spent in this place.
 B = Non-inter-level travel time spent in this place.
 C = Inter-level travel time spent in this place.
 D = Time resting spent in this place.
 E = Time spent auto-exploring this place.
 F = Levels seen in this place.
 G = Mean time per level.
                   A        B        C        D        E       F      G
               +--------+--------+--------+--------+--------+-----+--------+
         Total |   1049 |   1000 |     49 |      0 |    824 |   2 |  524.5 |
       Dungeon |   1049 |   1000 |     49 |      0 |    824 |   2 |  524.5 |
               +--------+--------+--------+--------+--------+-----+--------+

Top non-repeatable levels by time:
     D:1: 757 daAuts
     D:2: 292 daAuts
